 Dungeon Crawl Stone Soup version 0.29-a0-973-gac7da5f7f0 (webtiles) character file.

Game seed: 6549903789444755516

6013 purpskrrrp the Cleaver (level 10, 0/86 HPs)
             Began as a Hill Orc Cinder Acolyte on Aug 1, 2022.
             Was an Initiate of Gozag.
             Slain by a fire elemental (9 damage)
             ... created by the fiery vengeance of Ignis
             ... on level 10 of the Dungeon.
             The game lasted 00:32:37 (10862 turns).

purpskrrrp the Cleaver (Hill Orc Cinder Acolyte)   Turns: 10862, Time: 00:32:40

Health: 0/86       AC: 23    Str: 22    XL:     10   Next: 86%
Magic:  12/12      EV: 12    Int: 14    God:    Gozag
Gold:   730        SH:  0    Dex: 11    Spells: 10/12 levels left

rFire   . . .      SeeInvis .   y - +7 war axe of Rad Nupy {vorpal, rN++}
rCold   . . .      Faith    .   (no shield)
rNeg    + + +      Spirit   .   m - +4 ring mail of Creativity {rN+ Dex+2 Stlth-}
rPois   +          Reflect  .   F - +2 hat
rElec   .          Harm     .   p - +2 cloak
rCorr   .          Rampage  .   x - +2 pair of gloves of Fyffall {-Cast rPois rF+ Dex+3}
Will    .....      NoCast   +   w - +0 pair of boots
Stlth   ..........              (no amulet)
HPRegen 0.24/turn               e - ring of protection from fire
MPRegen 0.13/turn               r - +4 ring of protection

@: flying, fire susceptible
A: no striking features
a: Renounce Religion, Potion Petition, Call Merchant, Bribe Branch


You were on level 10 of the Dungeon.
You worshipped Gozag.
Gozag was pleased with you.
You visited 2 branches of the dungeon, and saw 10 of its levels.

You collected 863 gold pieces.
You paid 133 gold pieces to Gozag.

Inventory:

Hand Weapons
 a - a -1 hand axe of flaming
 y - the +7 war axe of Rad Nupy (weapon) {vorpal, rN++}
   (You found it on level 5 of the Dungeon)

   It inflicts extra damage upon your enemies.
   rN:        It greatly protects you from negative energy.
 A - the +10 short sword of the New World {protect, Dex+6}
   (You found it on level 6 of the Dungeon)

   It grants its wielder temporary protection when it strikes (+7 to AC).
   Dex:       It affects your dexterity (+6).
Missiles
 q - 39 poisoned darts
 J - 6 boomerangs
 N - 2 javelins
Armour
 b - a +0 robe
 h - a +0 helmet
 m - the +4 ring mail of Creativity (worn) {rN+ Dex+2 Stlth-}
   (You found it on level 6 of the Dungeon)

   Dex:       It affects your dexterity (+2).
   rN:        It protects you from negative energy.
   Stlth:     It makes you less stealthy.
 p - a +2 cloak (worn)
 w - a +0 pair of boots (worn)
 x - the +2 pair of gloves of Fyffall (worn) {-Cast rPois rF+ Dex+3}
   (You found it on level 6 of the Dungeon)

   Dex:       It affects your dexterity (+3).
   rF:        It protects you from fire.
   rPois:     It protects you from poison.
   -Cast:     It prevents spellcasting.
 F - a +2 hat (worn)
 M - a +1 plate armour of cold resistance
Jewellery
 e - a ring of protection from fire (left hand)
 i - a ring of flight
 r - a +4 ring of protection (right hand)
 s - a ring of positive energy
 t - a ring of protection from fire
 u - a ring of willpower
 K - the ring "Nytiun" {Ice rPois rN+ MP+9}
   (You took it off a wight on level 8 of the Dungeon)

   [ring of ice]

   It enhances your ice magic.
   rF:        It makes you vulnerable to fire.
   rC:        It protects you from cold.
   rPois:     It protects you from poison.
   rN:        It protects you from negative energy.
   MP:        It affects your magic capacity (+9).
Wands
 B - a wand of digging (4)
 C - a wand of mindburst (12)
 D - a wand of iceblast (9)
Scrolls
 c - 5 scrolls of butterflies
 j - a scroll of vulnerability
 l - a scroll of teleportation
 n - a scroll of silence
 o - 2 scrolls of amnesia
 z - a scroll of noise
 E - 3 scrolls of magic mapping
 H - a scroll of blinking
 I - a scroll of enchant weapon {unknown}
Potions
 d - 5 potions of curing
 f - a potion of attraction
 g - a potion of flight
 v - 3 potions of ambrosia
 G - a potion of might {unknown}
 L - 2 potions of lignification {unknown}


   Skills:
 + Level 7.1 Fighting
 * Level 14.8 Axes
 + Level 2.9 Armour
 + Level 3.7 Dodging
 + Level 2.0 Stealth
 * Level 4.3 Unarmed Combat
 + Level 1.8 Spellcasting
 * Level 8.0 Fire Magic


You had 10 spell levels left.
You knew the following spells:

 Your Spells              Type           Power      Damage    Failure   Level
a - Scorch                Fire           46%        2d7       1%          2

Your spell library contained the following spells:

 Spells                   Type           Power      Damage    Failure   Level
 Ensorcelled Hibernation  Hex/Ice        2%         N/A       50%         2
 Gell's Gravitas          Tloc           1%         N/A       75%         3
 Lesser Beckoning         Tloc           1%         N/A       75%         3
 Spider Form              Tmut/Pois      1%         N/A       75%         3
 Teleport Other           Tloc           1%         N/A       75%         3
 Anguish                  Hex/Necr       0%         N/A       98%         4
 Dispersal                Tloc           0%         N/A       100%        6


Dungeon Overview and Level Annotations

Branches:
Dungeon (8/15)             Temple (1/1) D:4
   Lair: D:8-11

Altars:
Ashenzari
Cheibriados
Dithmenos
Elyvilon
Fedhas
Gozag
Hepliaklqana
Kikubaaqudgha
Makhleb
Nemelex Xobeh
Okawaru
Qazlal
Ru
Sif Muna
Trog
Uskayaw
Vehumet
Wu Jian
Xom
Yredelemnul
Zin
The Shining One


Message History

The seven-headed hydra bites you but does no damage. x2
The seven-headed hydra bites you.
The seven-headed hydra barely misses you.
The fire elemental hits you. The fire elemental burns you!
You hit the seven-headed hydra.
The seven-headed hydra is almost dead.
The seven-headed hydra misses you. The seven-headed hydra bites you.
The seven-headed hydra barely misses you.
The seven-headed hydra bites you but does no damage. x2
The seven-headed hydra bites you.
* * * LOW HITPOINT WARNING * * *
The seven-headed hydra bites you but does no damage.
The fire elemental barely misses you.
You hit the seven-headed hydra.
The seven-headed hydra is almost dead.
The fire elemental hits you.
The seven-headed hydra barely misses you.
The seven-headed hydra bites you but does no damage.
The seven-headed hydra bites you.
* * * LOW HITPOINT WARNING * * *
The seven-headed hydra bites you but does no damage. x4
The fire elemental hits you. The fire elemental burns you!
* * * LOW HITPOINT WARNING * * *
The +10 short sword of the New World {protect, Dex+6} goes still.
y - the +7 war axe of Rad Nupy (weapon)
{vorpal, rN++} The seven-headed hydra misses you.
The seven-headed hydra bites you but does no damage.
The seven-headed hydra bites you.
* * * LOW HITPOINT WARNING * * *
The seven-headed hydra bites you but does no damage. x2
The seven-headed hydra bites you.
* * * LOW HITPOINT WARNING * * *
The seven-headed hydra bites you but does no damage.
You chop one of the seven-headed hydra's heads off!
The six-headed hydra grows two more!
You slash the eight-headed hydra!
The eight-headed hydra is almost dead.
You barely miss the fire elemental. The fire elemental hits you.
The fire elemental burns you!
You die...
Your body crumbles into a pile of gold.

. .
...#......#
#..# #
#...#.#.....##
#..#
#...#.....##
####
.......##..##
..#.... ##..#
# .#.#..# ##.#
### #...#. #.#
### ##..
......
#E#°..#$. #...
.#.. #@DE..#G.
#...
###...#|.$
#..# #+## ####
##


You could see an eight-headed hydra, a glowing orange brain and 2 fire
elementals.

Vanquished Creatures
  The ghost of Yogidamonk the Cleaver, a novice MiFi (D:6)
  A kobold demonologist (D:8)
  A hornet (D:10)
  A troll (D:5)
  Grinder (D:3)
  A wyvern (D:8)
  2 steam dragons (D:7)
  5 yaks (D:10)
  7 fire elementals (D:8)
  A vampire mosquito (D:8)
  A water moccasin (D:7)
  4 orc warriors
  4 ice beasts
  An ogre (D:5)
  2 centaurs
  2 phantoms
  3 bullfrogs
  5 kobold brigands
  A necrophage (D:5)
  A scorpion (D:7)
  5 wights (D:8)
  9 killer bees (D:8)
  4 howler monkeys
  A jelly (D:6)
  Crazy Yiuf (D:3)
  4 hounds
  6 orc priests
  2 iguanas
  7 orc wizards
  The ghost of Valamore the Sneak, a weakling GrDe of Qazlal (D:5)
  4 gnolls (D:8)
  7 adders
  2 dart slugs
  24 orcs
  9 endoplasms
  5 giant cockroaches
  6 goblins
  6 hobgoblins
  5 jackals (D:1)
  5 quokkas
  6 ball pythons
  2 bats
  7 frilled lizards
  15 kobolds
188 creatures vanquished.

Vanquished Creatures (others)
  70 foxfires
70 creatures vanquished.

Grand Total: 258 creatures vanquished

Notes
Turn   | Place    | Note
-------+----------+-------------------------------------------
     0 | D:1      | purpskrrrp the Hill Orc Cinder Acolyte began the quest for
                  | the Orb.
     0 | D:1      | Reached XP level 1. HP: 19/19 MP: 2/2
   181 | D:1      | Reached XP level 2. HP: 13/26 MP: 3/3
   578 | D:1      | Found a faded altar of an unknown god.
   908 | D:1      | You are sucked into a shaft and drop 1 floor!
   990 | D:2      | Learned a level 2 spell: Scorch
  1106 | D:1      | Reached XP level 3. HP: 32/33 MP: 4/4
  1747 | D:2      | Reached skill level 5 in Axes
  1861 | D:2      | Reached XP level 4. HP: 40/40 MP: 5/5
  2601 | D:3      | Reached skill level 6 in Axes
  2601 | D:3      | Reached XP level 5. HP: 41/46 MP: 6/6
  2643 | D:3      | Noticed Grinder
  2661 | D:3      | Killed Grinder
  2662 | D:3      | Reached skill level 7 in Axes
  2662 | D:3      | Reached skill level 1 in Dodging
  2662 | D:3      | Reached XP level 6. HP: 33/53 MP: 4/7
  2816 | D:3      | Found a runed translucent door.
  2817 | D:3      | Noticed Crazy Yiuf
  3183 | D:3      | Killed Crazy Yiuf
  3508 | D:4      | Found a staircase to the Ecumenical Temple.
  3526 | D:4      | Reached XP level 7. HP: 52/60 MP: 8/8
  3613 | D:4      | Reached skill level 8 in Axes
  4050 | D:4      | Found a shimmering altar of Xom.
  4051 | D:4      | Found a shadowy altar of Dithmenos.
  4504 | D:5      | Entered Level 5 of the Dungeon
  4882 | D:5      | Reached skill level 9 in Axes
  4882 | D:5      | Reached skill level 5 in Fire Magic
  5018 | D:5      | Reached skill level 5 in Fighting
  5105 | D:5      | Reached XP level 8. HP: 56/68 MP: 9/9
  5355 | D:5      | Found a runed translucent gate.
  5355 | D:5      | Found a runed translucent gate.
  5355 | D:5      | Found a runed translucent gate.
  5355 | D:5      | Noticed Valamore's ghost (weakling GrDe)
  5393 | D:5      | Noticed a troll
  5401 | D:5      | Killed a troll
  5402 | D:5      | Reached skill level 10 in Axes
  5838 | D:5      | Identified the +7 war axe of Rad Nupy {vorpal, rN++}
  6242 | D:5      | Reached skill level 1 in Unarmed Combat
  6276 | D:5      | Found a snail-covered altar of Cheibriados.
  6986 | D:5      | Killed Valamore's ghost
  7057 | D:6      | Identified the +4 ring mail of Creativity {rN+ Dex+2
                  | Stlth-}
  7116 | D:6      | Reached skill level 11 in Axes
  7116 | D:6      | Reached skill level 1 in Stealth
  7137 | D:6      | Reached XP level 9. HP: 75/75 MP: 10/10
  7156 | D:6      | Identified the +10 short sword of the New World {protect,
                  | Dex+6}
  7318 | D:6      | Found a white marble altar of Elyvilon.
  7353 | D:6      | Noticed Yogidamonk's ghost (novice MiFi)
  7505 | D:6      | Found a runed translucent door.
  7524 | D:6      | Identified the +2 pair of gloves of Fyffall {-Cast rPois
                  | rF+ Dex+3}
  7628 | D:6      | Killed Yogidamonk's ghost
  7629 | D:6      | Reached skill level 12 in Axes
  8333 | D:7      | Reached skill level 1 in Armour
  8342 | D:7      | Fell from the grace of Ignis
  8568 | D:7      | Found a basalt altar of Yredelemnul.
  8887 | Temple   | Entered the Ecumenical Temple
  9028 | Temple   | Became a worshipper of Gozag Ym Sagoz the Greedy
  9157 | D:8      | Reached skill level 13 in Axes
  9159 | D:8      | Reached XP level 10. HP: 66/84 MP: 12/12
  9612 | D:8      | Noticed a kobold demonologist
  9624 | D:8      | Killed a kobold demonologist
  9627 | D:8      | Identified the +10 short sword "Iwnoliel" {pain, +Blink
                  | rCorr}
  9627 | D:8      | Identified the ring "Nytiun" {Ice rPois rN+ MP+9}
  9642 | D:8      | Reached skill level 14 in Axes
 10097 | D:8      | You fall into a shaft and drop 2 floors!
 10097 | D:10     | Entered Level 10 of the Dungeon
 10097 | D:10     | Found a stormy altar of Qazlal.
 10503 | D:10     | Found a glowing silver altar of Zin.
 10548 | D:10     | Noticed a cyan ugly thing
 10549 | D:10     | Noticed an orc knight
 10840 | D:10     | Noticed a five-headed hydra
 10840 | D:10     | Noticed a glowing orange brain
 10862 | D:10     | Slain by a fire elemental

Illustrated notes

Levels and vault maps discovered:
D:1:      elethiomel_arrival_infinity_welcomes_careful_drivers,
          layout_loops_ring, basic_ecumenical_altar, st_stairs_11,
          item_on_display_a
D:2:      layout_loops_ring, serial_rivers, chequers_serial_rivers_micro_b,
          chequers_serial_rivers_room_a, chequers_serial_rivers_micro_e,
          chequers_serial_rivers_small_3, chequers_serial_rivers_large_b,
          chequers_serial_rivers_large_a
D:3:      layout_rooms, uniq_crazy_yiuf_cottage, uniq_grinder
D:4:      layout_loops_ring, chequers_temple_overflow_statue_of_worship,
          temple_pool_b, nicolae_zen_rock_garden
D:5:      layout_basic, mainiacjoe_overflow_alcove_2, ebering_ghost_rock_garden,
          chequers_serial_rivers_micro_a, kennysheep_generic_room_10
D:6:      layout_rooms, elyvilon_altar_3, hellmonk_ghost_happy_afterlife
D:7:      layout_basic, mainiacjoe_overflow_alcove_4, patterned_corridor
D:8:      layout_loops_ring, special_room [special_room_kobold], minmay_radiant
D:10:     cheibrodos_fzero, layout_layer_cave, old_standard_altar,
          mainiacjoe_overflow_catwalk, minmay_evil_grid
Temple:   eino_wide_crystal_templ

Skill      XL: |  1  2  3  4  5  6  7  8  9 10 |
---------------+-------------------------------+-----
Fire Magic     | 4 5 6 7 8 |  8.0
Axes           | 5 6 7 9 11 13 14 | 14.8
Fighting       | 4 5 6 7 |  7.1
Dodging        | 1 2 3 |  3.7
Unarmed Combat | 1 3 4 |  4.3
Stealth        | 1 2 |  2.0
Armour         | 1 2 |  2.9
Spellcasting   | |  1.8

Action                   |  1- 3 |  4- 6 |  7- 9 | 10-12 || total
-------------------------+-------+-------+-------+-------++-------
Melee: Hand axe          |    89 |    99 |   192 |       ||   380
       Punch             |     1 |     2 |     3 |     4 ||    10
       War axe           |       |       |   115 |   128 ||   243
       Short sword       |       |       |       |    12 ||    12
 Cast: Scorch            |     1 |     2 |     3 |       ||     6
Invok: Rising Flame      |     1 |       |       |       ||     1
       Foxfire Swarm     |       |     2 |     4 |       ||     6
       Fiery Armour      |       |     2 |     2 |       ||     4
       Renounce Religion |       |       |     1 |       ||     1
  Use: Scroll            |     2 |       |    16 |     1 ||    19
       Potion            |       |       |       |     4 ||     4
 Stab: Distracted        |       |       |       |     2 ||     2
Armor: Robe              |    25 |    41 |    84 |       ||   150
       Ring mail         |       |       |    56 |   163 ||   219
Dodge: Dodged            |    59 |    61 |   125 |   129 ||   374

Table legend: (Time is in decaauts)
 A = Elapsed time spent in this place.
 B = Non-inter-level travel time spent in this place.
 C = Inter-level travel time spent in this place.
 D = Time resting spent in this place.
 E = Time spent auto-exploring this place.
 F = Levels seen in this place.
 G = Mean time per level.
                   A        B        C        D        E       F      G
               +--------+--------+--------+--------+--------+-----+--------+
         Total |  10809 |  10060 |    749 |    229 |   8438 |  10 | 1080.9 |
       Dungeon |  10645 |   9937 |    708 |    229 |   8398 |   9 | 1182.8 |
        Temple |    163 |    122 |     41 |      0 |     40 |   1 |  163.0 |
               +--------+--------+--------+--------+--------+-----+--------+

Top non-repeatable levels by time:
     D:5: 2600 daAuts
     D:1: 1234 daAuts
     D:3: 1143 daAuts
     D:4: 1106 daAuts
     D:2: 1061 daAuts
     D:7: 978 daAuts
     D:8: 930 daAuts
     D:6: 834 daAuts
    D:10: 756 daAuts
  Temple: 163 daAuts
